 Dungeon Crawl Stone Soup version 0.26-a0-926-g43279f1ce9 (webtiles) character file.

Game seed: 4298108962337487882

81 Froggeryz the Bolt Thrower (level 4, -3/34 HPs)
             Began as a Gnoll Wanderer on Nov 26, 2020.
             Slain by an orc warrior
             ... wielding a +0 scimitar
              (12 damage)
             ... on level 3 of the Dungeon.
             The game lasted 00:03:00 (2174 turns).

Froggeryz the Bolt Thrower (Gnoll Wanderer)         Turns: 2174, Time: 00:03:01

Health: -3/34      AC:  8    Str: 15    XL:     4   Next: 40%
Magic:  5/5        EV: 10    Int: 10    God:
Gold:   109        SH:  0    Dex: 13    Spells: 5/5 levels left

rFire    + . .     SeeInvis .   h - +0 whip
rCold    + . .     Faith    .   (no shield)
rNeg     . . .     Spirit   .   c - +0 ring mail
rPois    +         Reflect  .   (no helmet)
rElec    +         Harm     .   p - scarf {shadows}
rCorr    +         Rampage  .   f - +0 pair of gloves
MR       .....                  (no boots)
Stlth    +.........             (no amulet)
HPRegen  0.11/turn              k - -4 ring of intelligence (curse)
MPRegen  0.09/turn              (no ring)

@: lethally poisoned (-3 -> -5), resistant, attractive
A: distributed training, fangs 1, icy blue scales 1, dopey 1, MP-powered wands,
strong nose
a: no special abilities


You were on level 3 of the Dungeon.
You visited 1 branch of the dungeon, and saw 3 of its levels.

You collected 109 gold pieces.

Inventory:

Hand Weapons
 a - a +3 hand crossbow
 h - a +0 whip (weapon)
Missiles
 b - 26 bolts
 e - 72 arrows
 o - 4 javelins (quivered)
 t - 3 curare-tipped darts
Armour
 c - a +0 ring mail (worn)
 f - a +0 pair of gloves (worn)
 p - a scarf of shadows (worn)
Jewellery
 k - a cursed -4 ring of intelligence (left hand)
Scrolls
 i - 3 scrolls of fear {unknown}
 j - a scroll of immolation
 n - 3 scrolls of identify
 s - a scroll of remove curse {unknown}
Potions
 d - a potion of lignification
 r - a potion of magic {unknown}


   Skills:
 + Level 2.7 Fighting
 + Level 1.1 Short Blades
 + Level 1.1 Long Blades
 + Level 1.1 Axes
 + Level 1.1 Maces & Flails
 + Level 1.1 Polearms
 + Level 1.1 Staves
 + Level 1.1 Slings
 + Level 6.6 Bows
 + Level 6.6 Crossbows
 + Level 4.6 Throwing
 + Level 2.7 Armour
 + Level 1.1 Dodging
 + Level 1.1 Stealth
 + Level 1.1 Shields
 + Level 1.1 Unarmed Combat
 + Level 1.1 Spellcasting
 + Level 0.9 Conjurations
 + Level 0.9 Hexes
 + Level 0.9 Summonings
 + Level 0.9 Necromancy
 + Level 0.9 Translocations
 + Level 0.9 Transmutations
 + Level 0.9 Fire Magic
 + Level 0.9 Ice Magic
 + Level 0.9 Air Magic
 + Level 0.9 Earth Magic
 + Level 0.9 Poison Magic
 + Level 1.2 Invocations
 + Level 1.1 Evocations


You had 5 spell levels left.
You didn't know any spells.
Your spell library was empty.

Dungeon Overview and Level Annotations

Branches:
Dungeon (3/15)

Altars:


Innate Abilities, Weirdness & Mutations

Your experience applies equally to all skills.
You have very sharp teeth.
Your uncanny sense of smell can sniff out nearby items.
You are partially covered in icy blue scales. (AC +2)
You are dopey. (Int -2)
You expend magic power (3 MP) to strengthen your wands.


Message History

The adder bites you but does no damage.
You miss the adder.
The adder is heavily wounded.
You feel sick. The adder misses you.
You hit the adder.
The adder is heavily wounded.
The adder bites you but does no damage. x2
You hit the adder. Your bite misses the adder.
The adder is almost dead.
The orc wizard mumbles some strange words.
The orc wizard blinks!
The adder misses you. The orc warrior is pulled toward you!
The orc is pulled toward you!
You feel sick. The orc warrior closely misses you.
The orc warrior is pulled toward you! The orc is pulled toward you! x2
The orc warrior hits you with a +0 scimitar!
* * * LOW HITPOINT WARNING * * *
As you read the scroll labelled ROFIEXT WUSULO, it crumbles to dust.
The scroll dissolves into smoke.
It was a scroll of fog.
The orc warrior hits you with a +0 scimitar!
You die...

###########.....#####...# ##
#.........#.....+ ..>..
.####.........#.....##########
.'..'.........'.o.......#
.####.........##o######.# .#
#.........##S# .#
#.........##o# .#
#.........##o# .#
#.........##@# .##
#.........##§# #<#
############§# #.# ... ### ###


You could see an orc warrior and an orc.

Vanquished Creatures
  3 adders (D:2)
  An ooze (D:2)
  2 worms (D:2)
  3 dart slugs
  2 leopard geckos (D:2)
  7 bats
  A giant cockroach (D:2)
  3 goblins
  7 hobgoblins
  A frilled lizard (D:2)
  3 kobolds
  2 rats (D:2)
35 creatures vanquished.

Notes
Turn   | Place    | Note
-------+----------+-------------------------------------------
     0 | D:1      | Froggeryz the Gnoll Wanderer began the quest for the Orb.
     0 | D:1      | Froggeryz set off with the following items: a +2 hand
                  | crossbow, 26 bolts, a +0 ring mail, a potion of
                  | lignification
     0 | D:1      | Reached XP level 1. HP: 17/17 MP: 1/1
   317 | D:1      | Reached XP level 2. HP: 22/23 MP: 2/2
   840 | D:2      | Reached XP level 3. HP: 28/28 MP: 3/3
   974 | D:2      | Reached skill level 1 in Invocations
  1030 | D:2      | Reached skill level 1 in Short Blades
  1030 | D:2      | Reached skill level 1 in Long Blades
  1030 | D:2      | Reached skill level 1 in Axes
  1030 | D:2      | Reached skill level 1 in Maces & Flails
  1030 | D:2      | Reached skill level 1 in Polearms
  1030 | D:2      | Reached skill level 1 in Staves
  1030 | D:2      | Reached skill level 1 in Slings
  1030 | D:2      | Reached skill level 1 in Dodging
  1030 | D:2      | Reached skill level 1 in Stealth
  1030 | D:2      | Reached skill level 1 in Shields
  1030 | D:2      | Reached skill level 1 in Unarmed Combat
  1030 | D:2      | Reached skill level 1 in Spellcasting
  1030 | D:2      | Reached skill level 1 in Evocations
  1234 | D:2      | Reached XP level 4. HP: 12/34 MP: 5/5
  2142 | D:3      | Noticed an orc warrior
  2163 | D:3      | Gained mutation: You expend magic power (3 MP) to
                  | strengthen your wands. [potion of mutation]
  2163 | D:3      | Gained mutation: You are dopey. (Int -2) [potion of
                  | mutation]
  2163 | D:3      | Gained mutation: You are partially covered in icy blue
                  | scales. (AC +2) [potion of mutation]
  2174 | D:3      | Slain by an orc warrior

Illustrated notes

Levels and vault maps discovered:
D:1:      elethiomel_arrival_shortcut, layout_rooms, minmay_splitting_lines
D:2:      layout_loops_ring
D:3:      layout_basic, nicolae_tso_carved_into_rock, dk_noncrumbling_4,
          uniq_crazy_yiuf_cottage

Skill      XL: |  1  2  3 |
---------------+----------+-----
Invocations    | 1 |  1.2
Short Blades   | 1 |  1.1
Long Blades    | 1 |  1.1
Axes           | 1 |  1.1
Maces & Flails | 1 |  1.1
Polearms       | 1 |  1.1
Staves         | 1 |  1.1
Slings         | 1 |  1.1
Dodging        | 1 |  1.1
Stealth        | 1 |  1.1
Shields        | 1 |  1.1
Unarmed Combat | 1 |  1.1
Spellcasting   | 1 |  1.1
Evocations     | 1 |  1.1
Fighting       | |  2.7
Bows           | |  6.6
Crossbows      | |  6.6
Throwing       | |  4.6
Armour         | |  2.7
Conjurations   | |  0.9
Hexes          | |  0.9
Summonings     | |  0.9
Necromancy     | |  0.9
Translocations | |  0.9
Transmutations | |  0.9
Fire Magic     | |  0.9
Ice Magic      | |  0.9
Air Magic      | |  0.9
Earth Magic    | |  0.9
Poison Magic   | |  0.9

Action                   |  1- 3 |  4- 6 || total
-------------------------+-------+-------++-------
Melee: Whip              |   126 |    55 ||   181
       Bite              |     8 |     8 ||    16
 Fire: Hand crossbow     |     6 |       ||     6
  Use: Scroll            |     3 |     1 ||     4
       Potion            |       |     3 ||     3
Armor: Ring mail         |    69 |    25 ||    94
Dodge: Dodged            |    73 |    26 ||    99

Table legend: (Time is in decaauts)
 A = Elapsed time spent in this place.
 B = Non-inter-level travel time spent in this place.
 C = Inter-level travel time spent in this place.
 D = Time resting spent in this place.
 E = Time spent auto-exploring this place.
 F = Levels seen in this place.
 G = Mean time per level.
                   A        B        C        D        E       F      G
               +--------+--------+--------+--------+--------+-----+--------+
         Total |   2188 |   2135 |     53 |    335 |   1370 |   3 |  729.3 |
       Dungeon |   2188 |   2135 |     53 |    335 |   1370 |   3 |  729.3 |
               +--------+--------+--------+--------+--------+-----+--------+

Top non-repeatable levels by time:
     D:2: 1329 daAuts
     D:1: 594 daAuts
     D:3: 264 daAuts
